 Dungeon Crawl Stone Soup version 0.31-a0-1338-gb567cfdca4 (webtiles) character file.

Game seed: 2785822566696400274

1374 IdlyInterested the Shield-Bearer (level 8, -1/58 HPs)
             Began as a Demonspawn Fighter on Dec 21, 2023.
             Slain by a gnoll
             ... wielding a +0 spear
             ... led by a gnoll sergeant
              (6 damage)
             ... on level 6 of the Dungeon.
             The game lasted 00:14:02 (3362 turns).

IdlyInterested the Shield-Bearer (DsFi)             Turns: 3362, Time: 00:14:03

Health: -1/58      AC: 11    Str: 17    XL:     8   Next: 39%
Magic:  8/8        EV: 12    Int:  9    God:
Gold:   264        SH: 10    Dex: 14    Spells: 7/7 levels left

rFire   . . .        a - +0 rapier
rCold   . . .        h - +0 kite shield
rNeg    . . .        w - +0 chain mail
rPois   .            (helmet restricted)
rElec   .            (no cloak)
rCorr   .            (no gloves)
SInv    .            (no boots)
Will    .....        (no amulet) Stlth
                     m - +5 ring of evasion
HPRegen 0.29/turn    (no ring)
MPRegen 0.11/turn

%: no passive effects
@: no status effects
A: antennae 1, thin metallic scales 1, spiny 3
a: no special abilities


You were on level 6 of the Dungeon.
You visited 1 branch of the dungeon, and saw 6 of its levels.

You collected 264 gold pieces.

Inventory:

Hand Weapons
 a - a +0 rapier (weapon)
 j - a +0 heavy spear
 n - a +0 falchion
 o - a +0 spear
 q - a +0 hand axe
 t - a +0 flail of venom
Missiles
 d - a boomerang
 e - 46 stones (quivered)
Armour
 b - a +0 scale mail
 c - a +0 buckler
 h - a +0 kite shield (worn)
 w - a +0 chain mail (worn)
Jewellery
 m - a +5 ring of evasion (left hand)
Scrolls
 i - a scroll of immolation
 k - a scroll of fear
 l - a scroll of blinking
 s - a scroll of teleportation {unknown}
Potions
 f - 3 potions of heal wounds
 g - 2 potions of curing
 r - a potion of lignification {unknown}
 v - a potion of resistance {unknown}


   Skills:
 + Level 3.1 Fighting
 - Level 3.0 Short Blades
 - Level 3.0 Throwing
 - Level 3.0 Armour
 - Level 3.0 Dodging
 - Level 3.0 Stealth
 * Level 5.9 Shields
 - Level 3.0 Evocations
 - Level 3.0 Shapeshifting


You had 7 spell levels left.
You didn't know any spells.
Your spell library contained the following spells:

 Spells                   Type           Power      Damage    Failure   Level
 Volatile Blastmotes      Fire/Tloc      0%         2d10      100%        3
 Fulminant Prism          Conj/Alch      0%         3d5       100%        4
 Iskenderun's Mystic Bla  Conj/Tloc      0%         2d3       100%        4
 Summon Forest            Summ/Tloc      0%         N/A       100%        5
 Summon Mana Viper        Hex/Summ       0%         N/A       100%        5
 Summon Cactus Giant      Summ           0%         N/A       100%        6
 Haunt                    Necr/Summ      0%         N/A       100%        7
 Borgnjor's Revivificati  Necr           0%         N/A       100%        8
 Death's Door             Necr           0%         N/A       100%        9


Dungeon Overview and Level Annotations

Branches:
Dungeon (7/15)
 Temple: D:4-7

Altars:
Kikubaaqudgha
Xom

Shops:
D:1 [   D:4 :


Innate Abilities, Weirdness & Mutations

You have a pair of small antennae on your head.
You are partially covered in thin metallic scales. (AC +2)
You are completely covered in sharp spines.


Message History

You feel very sick. The gnoll hits you but does no damage.
The gnoll sergeant is struck by your spines.
The gnoll sergeant hits you with a +1 spear of venom.
* * * LOW HITPOINT WARNING * * *
You are lethally poisoned!
You feel much better.
You feel very sick. You block the gnoll's attack.
You block the gnoll sergeant's attack.
You hit the gnoll sergeant.
The gnoll sergeant is severely wounded.
You feel very sick. You block the gnoll's attack.
The gnoll sergeant barely misses you.
You hit the gnoll sergeant but do no damage.
The gnoll sergeant is severely wounded.
You feel very sick. You block the gnoll's attack.
The gnoll sergeant barely misses you.
You barely miss the gnoll sergeant.
The gnoll sergeant is severely wounded.
You feel very sick.
The gnoll hits you from afar with a +0 spear.
The gnoll sergeant is struck by your spines.
The gnoll sergeant hits you with a +1 spear of venom.
* * * LOW HITPOINT WARNING * * *
You are lethally poisoned!
You hit the gnoll sergeant.
The gnoll sergeant is almost dead.
* * * LOW HITPOINT WARNING * * *
You feel very sick. You block the gnoll's attack.
You block the gnoll sergeant's attack.
You feel better. You block the gnoll sergeant's attack.
You block the gnoll's attack.
You hit the gnoll sergeant but do no damage.
The gnoll sergeant is almost dead.
The gnoll hits you from afar with a +0 spear.
* * * LOW HITPOINT WARNING * * *
The gnoll sergeant hits you with a +1 spear of venom!
* * * LOW HITPOINT WARNING * * *
The gnoll hits you from afar with a +0 spear.
You die...

#.....)..#
########.# #.#.# #
#.# #.#.#.#
#.####.#.#.#
#.#........#
#.#........###
#.#...........
#)#...)gg....#
#######)####@#,#.#
.............#...#<
###.###.#..........
#............
###.[........
.........###.
##.##........ ...
....#.### ...
.....[...


You could see a gnoll sergeant and a gnoll.

Vanquished Creatures
  Sigmund (D:2)
  5 yaks (D:7)
  A black bear (D:7)
  An orc warrior (D:7)
  An ogre (D:4)
  An orc priest (D:3)
  An iguana (D:7)
  4 gnolls (D:6)
  3 adders
  2 ufetubi (D:6)
  A worm (D:3)
  2 dart slugs (D:3)
  9 orcs
  6 bats
  9 endoplasms
  A giant cockroach (D:3)
  11 goblins
  5 hobgoblins
  7 kobolds
  6 quokkas
  8 ball pythons
  3 frilled lizards
  2 rats (D:2)
90 creatures vanquished.

Vanquished Creatures (others)
  A human (D:3)
1 creature vanquished.

Grand Total: 91 creatures vanquished

Notes
Turn   | Place    | Note
-------+----------+-------------------------------------------
     0 | D:1      | IdlyInterested the Demonspawn Fighter began the quest for
                  | the Orb.
     0 | D:1      | Reached XP level 1. HP: 18/18 MP: 1/1
   111 | D:1      | Reached skill level 1 in Dodging
   197 | D:1      | Reached skill level 1 in Stealth
   206 | D:1      | Gained mutation: You are partially covered in sharp spines.
                  | [demonic ancestry]
   206 | D:1      | Reached XP level 2. HP: 3/24 MP: 2/2
   395 | D:1      | Reached skill level 1 in Throwing
   541 | D:1      | Found Ofed's Armour Emporium.
   797 | D:2      | Reached skill level 1 in Evocations
   895 | D:2      | Noticed Sigmund
   904 | D:2      | Killed Sigmund
   905 | D:2      | Reached skill level 1 in Shapeshifting
   905 | D:2      | Gained mutation: You are mostly covered in sharp spines.
                  | [demonic ancestry]
   905 | D:2      | Reached XP level 3. HP: 14/29 MP: 3/3
   905 | D:2      | Gained mutation: You are completely covered in sharp
                  | spines. [demonic ancestry]
   905 | D:2      | Reached XP level 4. HP: 17/35 MP: 4/4
   905 | D:2      | Reached XP level 5. HP: 21/41 MP: 5/5
  1976 | D:3      | Found an ancient bone altar of Kikubaaqudgha.
  1986 | D:3      | Noticed a human
  1987 | D:3      | Killed a human
  2091 | D:3      | Found a shimmering altar of Xom.
  2256 | D:3      | Gained mutation: You are partially covered in thin metallic
                  | scales. (AC +2) [demonic ancestry]
  2256 | D:3      | Reached XP level 6. HP: 14/47 MP: 6/6
  2733 | D:4      | Found Tunn's Book Boutique.
  3081 | D:4      | You fall into a shaft and drop 3 floors!
  3159 | D:7      | Noticed a yak
  3161 | D:7      | Noticed a yak
  3168 | D:7      | Noticed a yak
  3169 | D:7      | Noticed a yak
  3171 | D:7      | Noticed a yak
  3179 | D:7      | Killed a yak
  3180 | D:7      | Reached skill level 3 in Shields
  3180 | D:7      | Gained mutation: You have a pair of small antennae on your
                  | head. [demonic ancestry]
  3180 | D:7      | Reached XP level 7. HP: 41/52 MP: 7/7
  3187 | D:7      | Killed a yak
  3196 | D:7      | Killed a yak
  3197 | D:7      | Reached skill level 4 in Shields
  3204 | D:7      | Killed a yak
  3205 | D:7      | Reached skill level 5 in Shields
  3205 | D:7      | Reached XP level 8. HP: 35/58 MP: 8/8
  3362 | D:6      | Slain by a gnoll

Illustrated notes

Levels and vault maps discovered:
D:1:      grunt_arrival_lava_bath, layout_loops_ring, serial_shops, shop_statue,
          minmay_misc_feat_alley
D:2:      layout_loops_corners, serial_bayou_ford_a, kennysheep_minor_cross,
          uniq_sigmund
D:3:      layout_basic, tgw_kikubaaqudgha, mainiacjoe_overflow_alcove_1,
          kennysheep_boxes
D:4:      layout_loops_cross, serial_shops, nicolae_stop_n_shop_1
D:6:      layout_basic, nicolae_figureground_sparkle, uniq_jeremiah
D:7:      minmay_polygon_palace, layout_basic, minmay_temple_entry_large_hall,
          uniq_crazy_yiuf_cottage, uniq_joseph

Skill      XL: |  1  2  3  4  5  6  7  8 |
---------------+-------------------------+-----
Dodging        | 1 2 3 |  3.0
Stealth        | 1 2 3 |  3.0
Throwing       | 2 3 |  3.0
Evocations     | 2 3 |  3.0
Shapeshifting  | 1 2 3 |  3.0
Short Blades   | 2 3 |  3.0
Armour         | 3 |  3.0
Shields        | 3 5 |  5.9
Fighting       | |  3.1

Action                     |  1- 3 |  4- 6 |  7- 9 || total
---------------------------+-------+-------+-------++-------
  Melee: Rapier            |    72 |   112 |    56 ||   240
  Throw: Stone             |       |       |     2 ||     2
    Use: Potion            |     3 |     1 |     2 ||     6
         Scroll            |       |     3 |       ||     3
 Armour: Scale mail        |    33 |    29 |       ||    62
         Chain mail        |       |     7 |    34 ||    41
  Dodge: Dodged            |    32 |    36 |    23 ||    91
  Block: Buckler           |     9 |       |       ||     9
         Kite shield       |     4 |    58 |    33 ||    95

Table legend: (Time is in decaauts)
 A = Elapsed time spent in this place.
 B = Non-inter-level travel time spent in this place.
 C = Inter-level travel time spent in this place.
 D = Time resting spent in this place.
 E = Time spent auto-exploring this place.
 F = Levels seen in this place.
 G = Mean time per level.
                   A        B        C        D        E       F      G
               +--------+--------+--------+--------+--------+-----+--------+
         Total |   3456 |   3147 |    309 |    341 |   1974 |   6 |  576.0 |
       Dungeon |   3456 |   3147 |    309 |    341 |   1974 |   6 |  576.0 |
               +--------+--------+--------+--------+--------+-----+--------+

Top non-repeatable levels by time:
     D:2: 1127 daAuts
     D:3: 883 daAuts
     D:1: 852 daAuts
     D:4: 298 daAuts
     D:7: 162 daAuts
     D:6: 131 daAuts
